[Event "Titled Tuesday Blitz June 13 Late 2023"]
[White "Badelka, Olga"]
[Black "Bernado Lopez, Roger"]
[WhiteFideId "13509926"]
[BlackFideId "24585009"]
[WhiteElo "2375"]
[BlackElo "2097"]
[Result "0-1"]
[Round "10"]
[TimeControl "180+2"]
[Date "2023.06.13"]
[WhiteClock "0:00:00"]
[BlackClock "0:00:48"]
[Board "59"]

1. d4 d5 2. c4 e6 3. Nc3 Nf6 4. cxd5 exd5 5. Bg5 c6 6. e3 h6 7. Bh4 Be7 8. Bd3 O-O 9. Qc2 Re8 10. Nge2 Nbd7 11. O-O a5 12. f3 b5 13. Rad1 Ba6 14. Bf2 Nb6 15. a4 b4 16. Nb1 Bxd3 17. Rxd3 Rc8 18. b3 Nbd7 19. Rdd1 c5 20. dxc5 Nxc5 21. Nd4 Nxa4 22. Nc6 Qd7 23. Nxe7+ Qxe7 24. Qa2 Nc3 25. Nxc3 bxc3 26. Qxa5 c2 27. Rc1 Qe5 28. b4 Qb2 29. Rfe1 d4 30. Qa6 dxe3 31. Bh4 Nd5 32. Qd3 Nxb4 33. Qf5 Na2 0-1


[Site "https://www.chess.com"]

[Event "Titled Tuesday Blitz June 13 Late 2023"]
[White "Diaz Rosas, Julio Cesar"]
[Black "Zhigalko, Sergei"]
[WhiteFideId "5105099"]
[BlackFideId "13502956"]
[WhiteElo "2284"]
[BlackElo "2626"]
[Result "0-1"]
[Round "10"]
[TimeControl "180+2"]
[Date "2023.06.13"]
[WhiteClock "0:00:04"]
[BlackClock "0:00:03"]
[Board "60"]

1. e4 g5 2. d4 h6 3. h4 gxh4 4. Nf3 d6 5. Nc3 Bg4 6. Rxh4 h5 7. Be3 e6 8. Rh1 Bg7 9. Qd2 Nd7 10. Nh2 e5 11. Nxg4 hxg4 12. Rxh8 Bxh8 13. O-O-O exd4 14. Bxd4 Bxd4 15. Qxd4 Qg5+ 16. Kb1 Ngf6 17. Bb5 Qe5 18. Qb4 c6 19. Bc4 Nc5 20. f3 Ke7 21. Bb3 a5 22. Qb6 Nfd7 23. Qc7 a4 24. Bc4 a3 25. f4 Qxf4 26. Rf1 Qe5 27. Rxf7+ Ke8 28. Rh7 axb2 29. Nd1 Qd4 30. Nxb2 Qg1+ 31. Nd1 Qxd1+ 32. Kb2 Qd4+ 33. Kb1 Qxc4 34. Rh8+ Ke7 35. Rxa8 Qb4+ 36. Kc1 Qe1+ 37. Kb2 Qb4+ 38. Kc1 Qe1+ 39. Kb2 Kf7 40. Qxd6 Qb4+ 41. Kc1 Nb3+ 42. axb3 Qxd6 0-1


[Site "https://www.chess.com"]

[Event "Titled Tuesday Blitz June 13 Late 2023"]
[White "Rosen, Eric"]
[Black "angelgab3"]
[WhiteFideId "2032562"]
[WhiteElo "2331"]
[BlackElo "2523"]
[Result "1-0"]
[Round "10"]
[TimeControl "180+2"]
[Date "2023.06.13"]
[WhiteClock "0:00:06"]
[BlackClock "0:00:49"]
[Board "61"]

1. e4 e5 2. Nf3 Nc6 3. c3 Nf6 4. d4 exd4 5. e5 Ne4 6. Qe2 d5 7. exd6 Bf5 8. Nfd2 d3 9. Qe3 Qh4 10. g3 Qg5 11. f4 Qg6 12. Bxd3 O-O-O 13. Nxe4 Re8 14. Nbd2 Bxe4 15. Bxe4 f5 16. Bxf5+ Kb8 17. Bxg6 Rxe3+ 18. Kf2 Re6 19. dxc7+ Kxc7 20. Be4 Bc5+ 21. Kf3 Rd8 22. b4 Bb6 23. Nc4 g5 24. Nxb6 g4+ 25. Kxg4 Rxe4 26. Na4 a5 27. Nc5 Re2 28. Rb1 h5+ 29. Kf3 Rde8 30. Rb2 R2e7 31. Rd1 b6 32. Nd3 h4 33. Ne5 hxg3 34. hxg3 axb4 35. cxb4 Rf8 36. Nxc6 Kxc6 37. Rc2+ Kb5 38. a3 Rg8 39. Rd3 Rh8 40. Rd5+ Ka4 41. b5 Rh1 42. Rd4+ Kxb5 43. Rb4+ Ka6 44. Be3 Re1 45. Bf2 R1e6 46. Rcb2 Rb7 47. Ra4# 1-0


[Site "https://www.chess.com"]

[Event "Titled Tuesday Blitz June 13 Late 2023"]
[White "Martins, Bruno Andre Leite"]
[Black "Shapiro, Viktor"]
[WhiteFideId "1942255"]
[BlackFideId "4175700"]
[WhiteElo "2241"]
[BlackElo "2212"]
[Result "1-0"]
[Round "10"]
[TimeControl "180+2"]
[Date "2023.06.13"]
[WhiteClock "0:00:11"]
[BlackClock "0:00:15"]
[Board "62"]

1. e4 c5 2. Nf3 d6 3. d4 cxd4 4. Nxd4 Nf6 5. Nc3 a6 6. Bd3 e5 7. Nf5 Bxf5 8. exf5 d5 9. Bg5 e4 10. Be2 Bb4 11. O-O Bxc3 12. bxc3 Nbd7 13. c4 dxc4 14. Bxc4 O-O 15. Rb1 Qc7 16. Bd5 Rab8 17. c4 b6 18. Qd4 Rfe8 19. Rfe1 Qc5 20. Qxc5 bxc5 21. Bf4 Rxb1 22. Rxb1 Nxd5 23. cxd5 Nf6 24. d6 Rd8 25. Bg3 Nd5 26. Rc1 f6 27. Rxc5 Nb4 28. a3 Nd3 29. Rc6 a5 30. Rc4 Ne5 31. Rd4 Kf7 32. h3 g6 33. fxg6+ hxg6 34. Rxe4 Rxd6 35. Bxe5 fxe5 36. Rxe5 Ra6 37. f4 Kf6 38. Kf2 a4 39. Re4 Kf5 40. Kf3 Ra7 41. g4+ Kf6 42. Rb4 Kf7 43. Kg3 Kf6 44. Kf3 Ke6 45. g5 Kd5 46. Kg4 Kc5 47. h4 Ra5 48. h5 gxh5+ 49. Kxh5 Kd5 50. f5 Ke5 51. f6 Ke6 52. Kg6 Ra8 53. Rb6+ Kd5 54. f7 Kc5 55. Rb4 Ra6+ 56. Kg7 Ra7 57. g6 1-0


[Site "https://www.chess.com"]

[Event "Titled Tuesday Blitz June 13 Late 2023"]
[White "Musovic, Armin"]
[Black "Kavutskiy, Konstantin"]
[WhiteFideId "939935"]
[BlackFideId "2026384"]
[WhiteElo "2322"]
[BlackElo "2323"]
[Result "1-0"]
[Round "10"]
[TimeControl "180+2"]
[Date "2023.06.13"]
[WhiteClock "0:00:29"]
[BlackClock "0:00:07"]
[Board "63"]

1. a3 g6 2. Nc3 Bg7 3. e4 c5 4. Bc4 e6 5. d3 Ne7 6. Bg5 h6 7. Bh4 Nbc6 8. Nge2 g5 9. Bg3 d5 10. Ba2 O-O 11. O-O b6 12. f4 Nd4 13. fxg5 hxg5 14. Qd2 Nxe2+ 15. Qxe2 d4 16. Nb1 Ng6 17. Qh5 Ne5 18. Nd2 Ba6 19. Nf3 Nxf3+ 20. Rxf3 c4 21. Raf1 Qe7 22. e5 Bb7 23. Rf6 Rac8 24. Qxg5 cxd3 25. Bf4 Rxc2 26. Rf2 Rfc8 27. h4 Rxf2 28. Kxf2 Rc2+ 29. Ke1 d2+ 30. Bxd2 d3 31. h5 Qc5 32. h6 Qg1+ 33. Rf1 Qxg2 34. Qxg7+ Qxg7 35. hxg7 Kxg7 36. Rg1+ Kf8 37. Bb3 Rxb2 38. Bb4+ Ke8 39. Ba4+ b5 40. Bxb5+ Kd8 41. Rg8+ Kc7 42. Ba5# 1-0


[Site "https://www.chess.com"]

[Event "Titled Tuesday Blitz June 13 Late 2023"]
[White "Peycheva, Gergana"]
[Black "Fiorito, Francisco"]
[WhiteFideId "2916711"]
[BlackFideId "180165"]
[WhiteElo "2216"]
[BlackElo "2319"]
[Result "1-0"]
[Round "10"]
[TimeControl "180+2"]
[Date "2023.06.13"]
[WhiteClock "0:01:00"]
[BlackClock "0:00:22"]
[Board "64"]

1. d4 Nf6 2. c4 c5 3. d5 b5 4. cxb5 a6 5. b6 Qxb6 6. Nc3 d6 7. e4 g6 8. a4 Bg7 9. a5 Qc7 10. h3 Nbd7 11. Nf3 Rb8 12. Nd2 O-O 13. Be2 Rb4 14. O-O Rd4 15. Qc2 Qb8 16. Nc4 Re8 17. Be3 Bb7 18. Bxd4 cxd4 19. Na4 Rc8 20. Qd3 Ne8 21. b4 Ne5 22. Nxe5 dxe5 23. Nb6 Rc3 24. Qd2 Nd6 25. f3 f5 26. Bd3 Qf8 27. Nd7 Qe8 28. Nc5 Bc8 29. Rac1 Ra3 30. Ra1 Rxa1 31. Rxa1 Nb5 32. Bc4 Kh8 33. Qd3 Nc7 34. Nxa6 Bxa6 35. Bxa6 fxe4 36. fxe4 Bh6 37. Bc4 Be3+ 38. Kh1 Qf8 39. a6 Na8 40. a7 Qd8 41. b5 Qb6 42. Qf1 Kg7 43. d6 exd6 44. Qf7+ Kh6 45. Qf8+ Kg5 46. Qxa8 Qc7 47. Qd5 d3 48. a8=Q d2 49. Qf8 Bf4 50. Rf1 Kh4 51. Rxf4+ Kh5 52. g4+ Kh4 53. Qh6+ Kg3 54. Qd3# 1-0


[Site "https://www.chess.com"]

[Event "Titled Tuesday Blitz June 13 Late 2023"]
[White "Dobrowolski, Piotr"]
[Black "whiteglovethief"]
[WhiteFideId "1106236"]
[WhiteElo "2305"]
[BlackElo "2484"]
[Result "1-0"]
[Round "10"]
[TimeControl "180+2"]
[Date "2023.06.13"]
[WhiteClock "0:00:46"]
[BlackClock "0:00:00"]
[Board "65"]

1. e4 e6 2. Nf3 d5 3. Nc3 Nf6 4. e5 Nfd7 5. Ne2 c5 6. c3 Nc6 7. d4 f6 8. Nf4 Qe7 9. Bb5 cxd4 10. exf6 Nxf6 11. O-O dxc3 12. bxc3 Bd7 13. Re1 O-O-O 14. Bxc6 Bxc6 15. Nxe6 Re8 16. Nfd4 Qd7 17. f3 Bd6 18. Rb1 Re7 19. Bf4 Rhe8 20. Bxd6 Qxd6 21. Nf5 Qa3 22. Nxe7+ Rxe7 23. Nd4 Rd7 24. Qb3 Qc5 25. Qb4 Qxb4 26. cxb4 a6 27. Rbc1 Rc7 28. a4 Bxa4 29. Rxc7+ Kxc7 30. Re7+ Kd6 31. Rxb7 Nd7 32. Ra7 1-0


[Site "https://www.chess.com"]

[Event "Titled Tuesday Blitz June 13 Late 2023"]
[White "Perez, Maximiliano"]
[Black "Jakic, Ivan"]
[WhiteFideId "117234"]
[BlackFideId "14504901"]
[WhiteElo "2334"]
[BlackElo "2365"]
[Result "1-0"]
[Round "10"]
[TimeControl "180+2"]
[Date "2023.06.13"]
[WhiteClock "0:01:34"]
[BlackClock "0:01:51"]
[Board "66"]

1. e4 c5 2. Nf3 d6 3. d4 cxd4 4. Nxd4 e5 5. Bb5+ Nd7 6. Nf5 a6 7. Bxd7+ Qxd7 8. Ne3 Nf6 9. Nc3 Qc6 10. Ned5 Nxd5 11. Nxd5 Be6 12. O-O Bxd5 13. exd5 Qc7 14. a4 Be7 15. Qd3 O-O 16. a5 Rac8 17. c3 f5 18. f3 Qc4 19. Qxc4 Rxc4 20. Rd1 Bf6 21. Kf2 Rfc8 22. Bd2 g5 23. b3 R4c7 24. c4 Kf7 25. Ra4 Ke7 26. Rb4 Kd7 27. Be3 Re8 28. c5 f4 29. Bc1 dxc5 30. Rb6 Bd8 31. d6 Rc6 32. Rxb7+ Ke6 33. Rxh7 Bxa5 34. d7 Rd8 35. Rh6+ Ke7 36. Rxc6 1-0


[Site "https://www.chess.com"]

[Event "Titled Tuesday Blitz June 13 Late 2023"]
[White "Piesik, Piotr"]
[Black "Zaitsev, Alexander"]
[WhiteFideId "1136194"]
[BlackFideId "4164490"]
[WhiteElo "2303"]
[BlackElo "2373"]
[Result "1-0"]
[Round "10"]
[TimeControl "180+2"]
[Date "2023.06.13"]
[WhiteClock "0:02:31"]
[BlackClock "0:00:00"]
[Board "67"]

1. Nf3 Nf6 2. g3 d5 3. Bg2 c6 4. O-O Bg4 5. d3 Nbd7 6. Nbd2 e5 7. e4 Bd6 8. h3 Bh5 9. Qe1 O-O 10. Nh4 Re8 11. Nf5 Bf8 12. Nb3 a5 13. a4 Qc7 14. g4 Bg6 15. Ng3 dxe4 16. dxe4 Nc5 17. Nxc5 Bxc5 18. Qe2 h6 19. h4 Nd7 20. h5 Bh7 21. g5 hxg5 22. Bxg5 Nf8 23. Bh3 Ne6 24. Bxe6 fxe6 25. Qg4 Qf7 26. Kg2 Rf8 27. f3 Kh8 28. Rad1 Bb6 29. Rd6 Rae8 30. Rfd1 Bd8 31. Bxd8 1-0


[Site "https://www.chess.com"]

[Event "Titled Tuesday Blitz June 13 Late 2023"]
[White "Fantinel, Thibault"]
[Black "Seletsky, Grigory"]
[WhiteFideId "663395"]
[BlackFideId "14112191"]
[WhiteElo "2316"]
[BlackElo "2491"]
[Result "0-1"]
[Round "10"]
[TimeControl "180+2"]
[Date "2023.06.13"]
[WhiteClock "0:00:31"]
[BlackClock "0:01:29"]
[Board "68"]

1. c4 c6 2. g3 d5 3. Nf3 Nf6 4. Bg2 Bf5 5. cxd5 cxd5 6. Qb3 Bc8 7. O-O Nc6 8. Nc3 e6 9. d3 Be7 10. Bf4 Nh5 11. Bd2 O-O 12. Rac1 Na5 13. Qd1 Nc6 14. e4 Nf6 15. e5 Nd7 16. d4 Nb6 17. h4 Nc4 18. b3 Nxd2 19. Qxd2 Bd7 20. Qf4 Rc8 21. Rfd1 Ba3 22. Rb1 Nxe5 23. Nxe5 Rxc3 24. b4 Ba4 25. Re1 Bc2 26. Rbc1 Bxc1 27. Rxc1 Qc7 28. Qd2 Rc8 29. h5 h6 30. Re1 Bh7 31. Kh2 Rc2 32. Qf4 f6 33. Kh3 0-1


[Site "https://www.chess.com"]

[Event "Titled Tuesday Blitz June 13 Late 2023"]
[White "Pinheiro, Iung Alicio de O."]
[Black "Kielinkei"]
[WhiteFideId "2104350"]
[WhiteElo "2283"]
[BlackElo "2454"]
[Result "1-0"]
[Round "10"]
[TimeControl "180+2"]
[Date "2023.06.13"]
[WhiteClock "0:00:26"]
[BlackClock "0:00:33"]
[Board "69"]

1. d4 Nf6 2. c4 e6 3. g3 c5 4. d5 exd5 5. cxd5 b5 6. a4 bxa4 7. Nc3 d6 8. Nf3 g6 9. Bg2 Bg7 10. Qxa4+ Bd7 11. Qf4 Qb6 12. Ne4 Qb4+ 13. Nfd2 Nxe4 14. Qxe4+ Kd8 15. Qxb4 cxb4 16. Nc4 Be5 17. Nb6 axb6 18. Rxa8 Kc7 19. Ra7+ Kc8 20. Be3 Bxb2 21. O-O Re8 22. Bxb6 Na6 23. Rxa6 Kb7 24. Ra7+ Kxb6 25. Rxd7 Bc3 26. e4 b3 27. Rb1 b2 28. Rxd6+ Ka7 29. Rc6 Bd4 30. Rc4 Be5 31. f4 Bg7 32. e5 Bxe5 33. fxe5 Rxe5 34. Rxb2 Re1+ 35. Kf2 Ra1 36. d6 f5 37. Rc8 1-0


[Site "https://www.chess.com"]

[Event "Titled Tuesday Blitz June 13 Late 2023"]
[White "Novikov, Evgenij"]
[Black "Przybylski, Wojciech"]
[WhiteFideId "4125380"]
[BlackFideId "1117599"]
[WhiteElo "2242"]
[BlackElo "2228"]
[Result "0-1"]
[Round "10"]
[TimeControl "180+2"]
[Date "2023.06.13"]
[WhiteClock "0:00:02"]
[BlackClock "0:00:08"]
[Board "70"]

1. e4 e5 2. d4 exd4 3. c3 d3 4. Bxd3 Nc6 5. c4 Nf6 6. Ne2 Bc5 7. O-O h6 8. Nbc3 a6 9. Nd5 d6 10. Be3 Bxe3 11. Nxe3 O-O 12. Nc3 Re8 13. Re1 Ne5 14. Bf1 Ng6 15. Ned5 c6 16. Nxf6+ Qxf6 17. Qc2 Be6 18. Rad1 Rad8 19. b3 Bc8 20. Ne2 Bg4 21. f3 Bc8 22. Qc3 Qg5 23. Qd2 Qe5 24. Qd4 Qg5 25. Qd2 Qf6 26. Ng3 Nf4 27. Kh1 h5 28. Qd4 Qg5 29. Qf2 h4 30. Ne2 Nh5 31. Nd4 c5 32. Nc2 Re6 33. Ne3 Ng3+ 34. Kg1 Rh6 35. Rd5 Qg6 36. Qd2 Nh5 37. Nf5 Bxf5 38. Rxf5 Nf6 39. Rg5 Qh7 40. e5 Ne8 41. Bd3 g6 42. exd6 Nxd6 43. Rd5 Qg7 44. Qf4 g5 45. Qg4 f6 46. Qe6+ Qf7 47. Rxd6 Qxe6 48. Rxd8+ Kf7 49. Rxe6 Kxe6 50. Be4 b6 51. Bd5+ Ke5 52. Re8+ Kd4 53. Re6 b5 54. Re4+ Kd3 55. Kf2 b4 56. Re6 Kd4 57. Rxa6 h3 58. g4 Ke5 59. Re6+ Kd4 60. Kg3 Kd3 61. Be4+ Kd4 62. Rd6+ Kc3 63. Rd5 Rh8 64. Rxc5 Rf8 65. Rf5 Kb2 66. Kxh3 Kxa2 67. Bd5 Kxb3 68. c5+ Kc3 69. c6 b3 70. c7 b2 71. Rxf6 Rh8+ 72. Kg2 b1=Q 73. Rc6+ Kd4 74. c8=Q Rxc8 75. Rxc8 Kxd5 76. Rf8 Qc1 77. Rf5+ Kd4 78. h4 gxh4 79. Rh5 Qe1 80. Rh8 Qg3+ 81. Kf1 Qxf3+ 82. Kg1 Qg3+ 83. Kh1 Qh3+ 84. Kg1 Qxg4+ 85. Kh1 Qf3+ 86. Kg1 Qg3+ 87. Kh1 h3 88. Rd8+ Ke3 89. Re8+ Kd3 90. Rd8+ Kc4 91. Rc8+ Kb3 92. Rb8+ Qxb8 0-1


[Site "https://www.chess.com"]

[Event "Titled Tuesday Blitz June 13 Late 2023"]
[White "Deng, Henry"]
[Black "Avalos Parra, Joao"]
[WhiteFideId "30965454"]
[BlackFideId "3402541"]
[WhiteElo "2543"]
[BlackElo "2173"]
[Result "1-0"]
[Round "10"]
[TimeControl "180+2"]
[Date "2023.06.13"]
[WhiteClock "0:01:17"]
[BlackClock "0:00:39"]
[Board "71"]

1. e4 e5 2. Nf3 Nc6 3. d4 exd4 4. Bc4 Nf6 5. e5 Ne4 6. Qe2 Nc5 7. O-O Be7 8. Rd1 Ne6 9. c3 dxc3 10. Nxc3 O-O 11. b3 Qe8 12. Bb2 d6 13. exd6 Bxd6 14. Nb5 a6 15. Nxd6 cxd6 16. Rxd6 Nf4 17. Qf1 Bg4 18. Re1 Qb8 19. Rxc6 Bxf3 20. gxf3 bxc6 21. Be5 Qd8 22. Bxf4 Re8 23. Rd1 Qf6 24. Bg3 Qxf3 25. Rd7 Rf8 26. Re7 h5 27. Qh3 Rad8 28. Be2 Qf6 29. Re3 Rd2 30. Qxh5 Rfd8 31. Kg2 R2d5 32. Qg4 Rg5 33. Qh4 Qf5 34. Bf3 Rd2 35. Re8# 1-0


[Site "https://www.chess.com"]

[Event "Titled Tuesday Blitz June 13 Late 2023"]
[White "Kim, Sergey"]
[Black "Kornyukov, Alexey"]
[WhiteFideId "13700570"]
[BlackFideId "4150457"]
[WhiteElo "2536"]
[BlackElo "2352"]
[Result "0-1"]
[Round "10"]
[TimeControl "180+2"]
[Date "2023.06.13"]
[WhiteClock "0:01:00"]
[BlackClock "0:00:06"]
[Board "72"]

1. d4 d5 2. c4 e6 3. Nc3 c6 4. e3 Nf6 5. Nf3 Nbd7 6. Bd3 dxc4 7. Bxc4 b5 8. Bb3 Bb7 9. O-O Be7 10. Qe2 b4 11. Na4 Qa5 12. Rd1 O-O 13. e4 Qb5 14. Qe1 c5 15. Bg5 Bxe4 16. dxc5 Bxf3 17. gxf3 Nxc5 18. Qe5 a6 19. Nxc5 Qxc5 20. Bxf6 gxf6 21. Qe4 Kh8 22. Qd4 Rg8+ 23. Kh1 Qh5 24. Qe4 Bc5 25. Rd2 Qg5 26. f4 Qg4 27. Rad1 Rac8 28. Bc4 f5 29. Qe2 Qg2# 0-1


[Site "https://www.chess.com"]

[Event "Titled Tuesday Blitz June 13 Late 2023"]
[White "Papasimakopoulos, Alexandros"]
[Black "Vaglio Munoz, Jaime"]
[WhiteFideId "4244125"]
[BlackFideId "6500145"]
[WhiteElo "2359"]
[BlackElo "2199"]
[Result "0-1"]
[Round "10"]
[TimeControl "180+2"]
[Date "2023.06.13"]
[WhiteClock "0:00:00"]
[BlackClock "0:00:09"]
[Board "73"]

1. d4 d6 2. Nf3 Nf6 3. c4 g6 4. Nc3 Bf5 5. Nh4 Bd7 6. e4 e5 7. Nf3 exd4 8. Nxd4 Bg7 9. Be2 O-O 10. O-O Nc6 11. Be3 Re8 12. f3 Nh5 13. Nxc6 bxc6 14. Qd2 Qh4 15. Bf2 Qf4 16. Be3 Qh4 17. Qe1 Qxe1 18. Rfxe1 f5 19. Rad1 Bxc3 20. bxc3 fxe4 21. f4 Ng7 22. g4 Be6 23. Kf2 Reb8 24. Rb1 c5 25. Rb3 Rb6 26. Reb1 Rab8 27. Kg3 a5 28. Rb5 Bd7 29. R5b3 a4 30. Rxb6 Rxb6 31. Rxb6 cxb6 32. Kh4 h6 33. f5 Kh7 34. fxg6+ Kxg6 35. Bf4 Ne8 36. Bd1 b5 37. Bc2 bxc4 38. Bxe4+ Kg7 39. h3 Nf6 40. Bf3 d5 41. Bd6 d4 42. Bxc5 dxc3 43. Ba3 c2 44. Kg3 c3 45. Kf4 Be6 46. Ke3 Bxa2 47. Kd4 Nh7 48. Kxc3 Bb3 0-1


[Site "https://www.chess.com"]

[Event "Titled Tuesday Blitz June 13 Late 2023"]
[White "Womacka, Mathias"]
[Black "Romanchuk, Viktor"]
[WhiteFideId "4611390"]
[BlackFideId "14109271"]
[WhiteElo "2377"]
[BlackElo "2242"]
[Result "1-0"]
[Round "10"]
[TimeControl "180+2"]
[Date "2023.06.13"]
[WhiteClock "0:00:29"]
[BlackClock "0:00:00"]
[Board "74"]

1. e4 c6 2. d4 d5 3. Nd2 dxe4 4. Nxe4 Nd7 5. Nf3 Ngf6 6. Nxf6+ Nxf6 7. c3 Bg4 8. h3 Bxf3 9. Qxf3 Qd5 10. Be2 e6 11. O-O Bd6 12. Be3 Bc7 13. c4 Qd6 14. g3 O-O 15. Rfd1 Rfe8 16. Bd3 Qb4 17. Rab1 Bb6 18. a3 Qe7 19. b4 Rad8 20. Bc2 a5 21. b5 c5 22. d5 exd5 23. cxd5 Ne4 24. Re1 Nc3 25. Bd2 Nxb1 26. Rxe7 Rxe7 27. Bxb1 c4 28. Bg5 f6 29. Be3 1-0


[Site "https://www.chess.com"]

[Event "Titled Tuesday Blitz June 13 Late 2023"]
[White "Benedetti, Julio"]
[Black "Gasparyan, David"]
[WhiteFideId "172545"]
[BlackFideId "13311980"]
[WhiteElo "2263"]
[BlackElo "2428"]
[Result "1-0"]
[Round "10"]
[TimeControl "180+2"]
[Date "2023.06.13"]
[WhiteClock "0:00:04"]
[BlackClock "0:00:12"]
[Board "75"]

1. e4 c5 2. Nc3 e6 3. Bc4 a6 4. a4 Qc7 5. d3 Bd6 6. Nf3 Ne7 7. g3 Ng6 8. Qe2 Nc6 9. h4 h5 10. Be3 Nge5 11. Nxe5 Nxe5 12. f4 Ng4 13. Bg1 b6 14. Nd1 Bb7 15. Ne3 Nxe3 16. Bxe3 O-O-O 17. Bd2 Be7 18. Ba2 d5 19. O-O dxe4 20. dxe4 Rxd2 21. Qxd2 Bxe4 22. Qe2 Bb7 23. Rf2 Bf6 24. c3 Qc6 25. Rh2 Rd8 26. Re1 Qxa4 27. Bb1 Qc6 28. Be4 Qd6 29. Bxb7+ Kxb7 30. Rf2 g6 31. Qe4+ Ka7 32. Ree2 Qd1+ 33. Kg2 Qc1 34. Rc2 Qb1 35. Qc6 Rd1 36. Kh2 a5 37. Rfd2 Ka6 38. Qc8+ Kb5 39. Qd7+ Ka6 40. Qd3+ c4 41. Qxc4+ Ka7 42. Qc7+ Ka6 43. Qc8+ Kb5 44. Qd7+ Ka6 45. Qd3+ Ka7 46. Rxd1 Qxb2 47. Rxb2 1-0


[Site "https://www.chess.com"]

[Event "Titled Tuesday Blitz June 13 Late 2023"]
[White "Kubatko, Ivan"]
[Black "Pert, Richard G"]
[WhiteFideId "24111473"]
[BlackFideId "404748"]
[WhiteElo "2285"]
[BlackElo "2441"]
[Result "0-1"]
[Round "10"]
[TimeControl "180+2"]
[Date "2023.06.13"]
[WhiteClock "0:00:05"]
[BlackClock "0:00:10"]
[Board "76"]

1. e4 d5 2. exd5 Nf6 3. d4 Bg4 4. f3 Bf5 5. c4 e6 6. dxe6 Nc6 7. Be3 Bb4+ 8. Nc3 O-O 9. Ne2 fxe6 10. Ng3 Bg6 11. Be2 e5 12. d5 Nd4 13. Rc1 c6 14. O-O cxd5 15. cxd5 Rc8 16. Kh1 Kh8 17. Bxd4 exd4 18. Qxd4 Bc5 19. Qh4 Re8 20. Bb5 Re3 21. Rcd1 Qb6 22. Nge4 Nxe4 23. fxe4 h6 24. Bd7 Rd8 25. Bf5 Bxf5 26. exf5 Be7 27. Qc4 Bf6 28. Ne4 Be5 29. f6 Qxb2 30. fxg7+ Bxg7 31. d6 Qe5 32. Ng3 Rxg3 33. hxg3 Qxg3 34. Qd3 Qh4+ 35. Qh3 Qg5 36. d7 Be5 37. Rf5 Qg7 38. Re1 Bf6 39. Ref1 Bg5 40. Rf7 Qe5 41. Qf5 Qxf5 42. R1xf5 Kg8 43. g4 a6 44. Kg2 b5 45. Kf3 b4 46. Ke4 a5 47. Kd3 a4 48. Kc4 b3 49. axb3 a3 50. Kc3 a2 51. Kb2 Ra8 52. Ka1 Bd2 53. Rf2 Bc3+ 54. Rb2 Bxb2+ 55. Kxb2 a1=Q+ 56. Kc2 Qa2+ 0-1


[Site "https://www.chess.com"]

[Event "Titled Tuesday Blitz June 13 Late 2023"]
[White "Tokhirjonova, Gulrukhbegim"]
[Black "Kabilov, Amin"]
[WhiteFideId "14203626"]
[BlackFideId "14700859"]
[WhiteElo "2265"]
[BlackElo "2110"]
[Result "0-1"]
[Round "10"]
[TimeControl "180+2"]
[Date "2023.06.13"]
[WhiteClock "0:00:52"]
[BlackClock "0:01:34"]
[Board "77"]

1. d4 Nf6 2. Nc3 c5 3. dxc5 e6 4. e4 Bxc5 5. Bd3 Nc6 6. Nf3 Ng4 7. O-O Qc7 8. h3 h5 9. Nb5 Qg3 10. Qe2 Nce5 11. Nd6+ Ke7 12. Nxc8+ Raxc8 13. Bg5+ f6 14. hxg4 hxg4 15. Bh4 Rxh4 16. Nxh4 Qxh4 0-1


[Site "https://www.chess.com"]

[Event "Titled Tuesday Blitz June 13 Late 2023"]
[White "Martins, Vinicius Tine"]
[Black "Yolosz"]
[WhiteFideId "2112884"]
[WhiteElo "2373"]
[BlackElo "2422"]
[Result "1-0"]
[Round "10"]
[TimeControl "180+2"]
[Date "2023.06.13"]
[WhiteClock "0:00:36"]
[BlackClock "0:00:00"]
[Board "78"]

1. e4 c5 2. Nf3 Nc6 3. d4 cxd4 4. Nxd4 g6 5. c4 Nf6 6. Nc3 Bg7 7. Be3 d6 8. f3 O-O 9. Qd2 Nxd4 10. Bxd4 Be6 11. Rc1 Nd7 12. Be3 Rc8 13. b3 Qa5 14. Nd5 Qxd2+ 15. Kxd2 Bxd5 16. exd5 a6 17. g3 Rfe8 18. Bh3 f5 19. f4 Nf6 20. Kd3 e5 21. dxe6 Rxe6 22. Bd4 Ne4 23. Bg2 Bxd4 24. Kxd4 Rd8 25. Rhe1 Nc5 26. Bd5 Kf7 27. b4 Ne4 28. Re3 Kf6 29. Bxe6 Kxe6 30. Rce1 d5 31. c5 Rd7 32. Rc1 Kf6 33. c6 Rc7 34. Kxd5 bxc6+ 35. Rxc6+ Rxc6 36. Kxc6 1-0


[Site "https://www.chess.com"]

[Event "Titled Tuesday Blitz June 13 Late 2023"]
[White "Goncalves, Davi Sulzbacher"]
[Black "Fedotov, Nikita"]
[WhiteFideId "2154510"]
[BlackFideId "24161446"]
[WhiteElo "2182"]
[BlackElo "2211"]
[Result "0-1"]
[Round "10"]
[TimeControl "180+2"]
[Date "2023.06.13"]
[WhiteClock "0:00:07"]
[BlackClock "0:01:04"]
[Board "79"]

1. Nf3 Nf6 2. Nc3 c5 3. e4 d6 4. d4 cxd4 5. Nxd4 a6 6. Be2 g6 7. h4 Bg7 8. Be3 h5 9. Qd2 Nc6 10. O-O-O Bd7 11. Bf3 Rc8 12. Kb1 Ne5 13. Bg5 Nc4 14. Qe2 Qb6 15. Nb3 Na3+ 16. Kc1 Rxc3 17. bxc3 O-O 18. e5 dxe5 19. Bxf6 Bb5 20. Bxg7 Bxe2 21. Bxf8 Bxd1 22. Rxd1 Kxf8 23. Rd2 Nc4 24. Re2 Qd6 25. Be4 Qa3+ 26. Kd1 Qxa2 27. Bd5 Qb1+ 28. Nc1 Na3 29. Bb3 Nb5 30. Re3 e4 31. Kd2 f5 32. g3 Qa1 33. Bc4 Na3 34. Bb3 Nb1+ 35. Ke2 Nxc3+ 36. Kd2 Nb1+ 37. Ke2 Qd4 38. Kf1 Qd1+ 39. Re1 Nd2+ 0-1


[Site "https://www.chess.com"]

[Event "Titled Tuesday Blitz June 13 Late 2023"]
[White "Golubev, Mikhail"]
[Black "Bueno, Alfeu Junior Varela"]
[WhiteFideId "14100983"]
[BlackFideId "2108879"]
[WhiteElo "2374"]
[BlackElo "2175"]
[Result "0-1"]
[Round "10"]
[TimeControl "180+2"]
[Date "2023.06.13"]
[WhiteClock "0:00:00"]
[BlackClock "0:00:04"]
[Board "80"]

1. e4 e6 2. d4 d5 3. Nc3 Nf6 4. e5 Nfd7 5. f4 c5 6. Nf3 Nc6 7. Be3 cxd4 8. Nxd4 Bc5 9. Qd2 O-O 10. O-O-O a6 11. h4 Nxd4 12. Bxd4 b5 13. h5 b4 14. Na4 Bxd4 15. Qxd4 Qa5 16. b3 Bb7 17. f5 Bc6 18. f6 gxf6 19. exf6 Kh8 20. Bd3 e5 21. Qg4 Rg8 22. Qf5 Nf8 23. Qxe5 Re8 24. Qd4 Ne6 25. Qa7 Ref8 26. Qxa6 Qc7 27. Bb5 Qf4+ 28. Kb1 Bxb5 29. Qxb5 Qxf6 30. Qxd5 Rg5 31. Qd2 Rfg8 32. Rhf1 Qh6 33. Rxf7 Qxh5 34. Qe1 Qxf7 35. Qxb4 Rxg2 36. Re1 Ng5 37. Nc5 Qg6 38. Qd4+ Qg7 39. Qd3 Nf7 40. a4 Rg1 41. Rd1 Rxd1+ 42. Qxd1 Qc3 0-1


[Site "https://www.chess.com"]

[Event "Titled Tuesday Blitz June 13 Late 2023"]
[White "Mazurkiewicz, Michal"]
[Black "Santos Flores, Alberto"]
[WhiteFideId "1124943"]
[BlackFideId "3601234"]
[WhiteElo "2063"]
[BlackElo "2235"]
[Result "1-0"]
[Round "10"]
[TimeControl "180+2"]
[Date "2023.06.13"]
[WhiteClock "0:00:53"]
[BlackClock "0:00:49"]
[Board "81"]

1. e4 c5 2. Nf3 Nc6 3. g3 g6 4. Bg2 Bg7 5. O-O Nf6 6. Re1 O-O 7. c3 d5 8. e5 Ne8 9. d4 cxd4 10. cxd4 Bg4 11. Be3 Nc7 12. h3 Bxf3 13. Bxf3 e6 14. Nc3 Rc8 15. Qd2 Na5 16. b3 Nc6 17. h4 a6 18. h5 Nb5 19. Nxb5 axb5 20. Bg5 Qb6 21. Rad1 Ra8 22. Bf6 Qa5 23. Qf4 Bxf6 24. exf6 Qd8 25. Rd2 Nb8 26. g4 Nd7 27. g5 Qa5 28. hxg6 hxg6 29. Kg2 Rfc8 30. Rh1 1-0


[Site "https://www.chess.com"]